 Dungeon Crawl Stone Soup version 0.19-a0-1012-g919fee8 (webtiles) character file.

7145 Muumios the Fighter (level 10, -6/86 HPs)
             Began as a Mummy Venom Mage on July 24, 2016.
             Was an Initiate of Gozag.
             Mangled by an ogre
             ... wielding a +0 giant club
              (32 damage)
             ... on level 1 of the Orcish Mines.
             The game lasted 00:34:23 (11670 turns).

Muumios the Fighter (Mummy Venom Mage)             Turns: 11670, Time: 00:34:24

Health: -6/86      AC:  6    Str: 16      XL:     10   Next: 85%
Magic:  7/22       EV:  7    Int: 23      God:    Gozag
Gold:   555        SH:  8    Dex:  9 (12) Spells: 3 memorised, 5 levels left

rFire  x . .     SeeInvis .     h - +2 short sword (venom)
rCold  + . .     Gourm    .     n - +1 robe of the Grue {Regen+ Slay+2} (curse)
rNeg   + + +     Faith    .     (no shield)
rPois  ∞         Spirit   .     j - +1 helmet
rElec  .         Dismiss  .     g - +0 cloak
rCorr  .         Reflect  +     (no gloves)
SustAt .         Harm     .     (no boots)
MR     +....                    a - brooch of Shielding {Reflect SH+8}
Stlth  ++........               (no ring)
                                m - ring "Haituula" {MP+9 Str+4 Int+5}

@: radiating poison, gold aura, somewhat resistant to hostile enchantments,
unstealthy
A: no food or potions, fire vulnerability, cold resistance 1, negative energy
resistance 3, torment resistance, unbreathing
a: Potion Petition, Call Merchant, Bribe Branch, Renounce Religion


You were on level 1 of the Orcish Mines.
You worshipped Gozag.
Gozag was pleased with you.
You were not hungry.

You visited 3 branches of the dungeon, and saw 13 of its levels.

You collected 2191 gold pieces.
You spent 1012 gold pieces at shops.
You paid 624 gold pieces to Gozag.

Inventory:

Hand Weapons
 e - a +1 hand axe of chopping
 h - a +2 short sword of venom (weapon)
 q - a +0 blowgun
Missiles
 r - 17 poisoned needles
Armour
 g - a +0 cloak (worn)
 j - a +1 helmet (worn)
 n - the cursed +1 robe of the Grue (worn) {Regen+ Slay+2}
   (You found it on level 6 of the Dungeon)

   It affects your accuracy and damage with ranged weapons and melee attacks
   (+2).
   It increases your rate of regeneration.
   It has a curse placed upon it.
Jewellery
 a - the brooch of Shielding (around neck) {Reflect SH+8}
   (You bought it in a shop on level 6 of the Dungeon)

   [amulet of reflection]

   It shields you and reflects attacks.
   It affects your SH (+8).
 l - an uncursed amulet of dismissal
 m - the ring "Haituula" (left hand) {MP+9 Str+4 Int+5}
   (You bought it in a shop on level 6 of the Dungeon)

   [ring of magical power]

   It affects your strength (+4).
   It affects your intelligence (+5).
   It affects your magic capacity (+9).
Wands
 p - a wand of heal wounds (0/9)
Scrolls
 c - 2 scrolls of immolation
 f - 4 scrolls of remove curse
 i - 2 scrolls of teleportation
 o - 7 scrolls of identify
Books
 b - a Young Poisoner's Handbook

   Spells                             Type                      Level
   a - Sting                          Conjuration/Poison           1
   b - Mephitic Cloud                 Conjuration/Poison/Air       3
   c - Olgreb's Toxic Radiance        Poison                       4
   d - Alistair's Intoxication        Transmutation/Poison         5
   e - Venom Bolt                     Conjuration/Poison           5
 d - a book of the Earth

   Spells                             Type                      Level
   a - Leda's Liquefaction            Hexes/Earth                  4
   b - Bolt of Magma                  Conjuration/Fire/Earth       5
   c - Statue Form                    Transmutation/Earth          6
   d - Iron Shot                      Conjuration/Earth            6
   e - Shatter                        Earth                        9
 k - a book of the Warp

   Spells                             Type                      Level
   a - Recall                         Summoning/Translocation      3
   b - Gell's Gravitas                Hexes/Translocation          3
   c - Force Lance                    Conjuration/Translocation    4
   d - Warp Weapon                    Charms/Translocation         5
   e - Summon Forest                  Summoning/Translocation      5


   Skills:
 * Level 10.9 Fighting
 - Level 1.5 Dodging
 - Level 1.5 Stealth
 - Level 2.0 Spellcasting
 * Level 4.7 Conjurations
 * Level 10.0 Poison Magic


You had 5 spell levels left.
You knew the following spells:

 Your Spells              Type           Power        Failure   Level  Hunger
a - Sting                 Conj/Pois      ####         1%          1    N/A
b - Mephitic Cloud        Conj/Pois/Air  ####....     8%          3    N/A
c - Olgreb's Toxic Radia  Pois           #####...     1%          4    N/A

Dungeon Overview and Level Annotations

Branches:
Dungeon (11/15)            Temple (1/1) D:4             Orc (1/2) D:10
   Lair: D:8-11

Altars:
Ashenzari
Cheibriados
Dithmenos
Elyvilon
Fedhas
Gozag
Hepliaklqana
Kikubaaqudgha
Makhleb
Nemelex Xobeh
Okawaru
Pakellas
Qazlal
Ru
Sif Muna
Trog
Uskayaw
Vehumet
Xom
Yredelemnul
Zin
The Shining One
Beogh

Shops:
D:6 =   D:9 [

Annotations:
D:4 Leibowitz's ghost, amateur KoFi
D:7 Nööyp
D:11 Mulkerokala's ghost, journeyman OpAr


Innate Abilities, Weirdness & Mutations

You do not eat or drink.
Your flesh is vulnerable to fire.
You are immune to poison.
Your flesh is cold resistant. (rC+)
You are immune to negative energy. (rN+++)
You are immune to unholy pain and torment.
You can survive without breathing.


Message History

The orc shouts!
The orc looks even sicker.
The orc warrior shouts!
The orc warrior is poisoned.
The orc is poisoned.
The two-headed ogre looks as sick as possible!
The ogre looks as sick as possible!
The orc warrior is no longer distracted by gold.
The orc warrior shouts!
You kill the orc priest!
You kill the orc!
The orc looks even sicker.
You kill the ogre!
You kill the orc warrior!
You kill the orc!
The orc warrior throws a tomahawk.
The tomahawk barely misses you.
The orc wizard is distracted by the nearby gold.
The orc wizard gestures wildly while chanting.
The orc wizard blinks!
The ogre is distracted by the nearby gold.
The orc knight is distracted by the nearby gold.
The ogre hits you with a giant club!!
You die...
Your body crumbles into a pile of gold.

$
####..ooo...$#
..#......$...##
.......$......#
o$#......>...##
o.............#
..$.$..$...(.#
o..$...$O....#
o$....O@$....#
o...........##
§.$.o........#
o.$...........#
.#.O.o........#
...O._.......##
............##
....o........


You could see an orc knight (unaware), a two-headed ogre, 4 orc warriors, 3
ogres, 3 orc wizards and 4 orcs.

Vanquished Creatures
  Pikel (D:7)
  A two-headed ogre (D:9)
  4 yaks (D:9)
  A hippogriff (D:10)
  A human (D:10)
  8 orc warriors
  2 sky beasts
  3 ice beasts
  2 phantoms
  3 slaves (D:7)
  2 wasps (D:10)
  A necrophage (D:9)
  8 ogres
  2 centaurs (D:8)
  A big kobold (D:7)
  A wyvern zombie (D:6)
  3 giant frogs
  2 scorpions
  6 killer bees (D:8)
  4 wights (D:8)
  2 howler monkeys
  A giant frog zombie (D:8)
  3 jellies
  4 crimson imps
  2 quasits
  4 hounds
  13 orc wizards
  A centaur skeleton (D:9)
  20 orc priests
  A giant frog skeleton (D:9)
  A gnoll shaman (D:6)
  5 iguanas
  7 worker ants
  4 sheep (D:10)
  2 hound zombies
  A hound skeleton (D:7)
  11 gnolls
  15 adders
  3 shadow imps
  An ooze (D:2)
  7 worms
  3 dart slugs
  3 giant geckos
  62 orcs
  5 giant cockroaches
  8 hobgoblins
  13 jackals
  7 kobolds
  7 quokkas
  6 bats
  A giant gecko skeleton (D:4)
  4 giant newts
  6 goblins
  A jackal skeleton (D:4)
  2 quokka skeletons (D:9)
  10 rats
302 creatures vanquished.

Vanquished Creatures (others)
  A slave (D:8)
  A gnoll (D:6)
2 creatures vanquished.

Grand Total: 304 creatures vanquished

Notes
Turn   | Place    | Note
-------+----------+-------------------------------------------
     0 | D:1      | Muumios the Mummy Venom Mage began the quest for the Orb.
     0 | D:1      | Reached XP level 1. HP: 13/13 MP: 3/3
   502 | D:1      | Reached skill level 1 in Fighting
   502 | D:1      | Reached XP level 2. HP: 20/21 MP: 0/5
  1315 | D:2      | Reached XP level 3. HP: 16/26 MP: 3/6
  1692 | D:2      | Learned a level 3 spell: Mephitic Cloud
  1978 | D:4      | Noticed Leibowitz's ghost (amateur KoFi)
  1983 | D:4      | Found a staircase to the Ecumenical Temple.
  2063 | D:5      | Entered Level 5 of the Dungeon
  2073 | D:5      | Noticed an ogre
  2169 | D:5      | Noticed a sky beast
  2311 | D:4      | Noticed an ogre
  2341 | D:4      | Noticed a scorpion
  2364 | D:4      | Reached XP level 4. HP: 6/34 MP: 1/7
  2401 | D:4      | Killed an ogre
  2401 | D:4      | Reached XP level 5. HP: 11/41 MP: 1/8
  2638 | Temple   | Entered the Ecumenical Temple
  2647 | Temple   | Became a worshipper of Gozag Ym Sagoz the Greedy
  2808 | D:4      | Noticed an orc warrior
  2984 | D:2      | Reached XP level 6. HP: 42/48 MP: 9/9
  2986 | D:2      | Reached skill level 5 in Poison Magic
  2992 | D:2      | Learned a level 4 spell: Olgreb's Toxic Radiance
  4066 | D:6      | Reached XP level 7. HP: 26/55 MP: 0/10
  4158 | D:5      | Reached skill level 5 in Fighting
  5180 | D:5      | Found an oddly glowing altar of Pakellas.
  5300 | D:5      | Found an ancient bone altar of Kikubaaqudgha.
  5954 | D:6      | Reached XP level 8. HP: 44/64 MP: 11/11
  6644 | D:6      | HP: 3/65 [wyvern zombie (11)]
  6644 | D:6      | HP: 1/65 [wyvern zombie (2)]
  7075 | D:6      | Got a slimy robe
  7076 | D:6      | Identified the cursed +1 robe of the Grue {Regen+ Slay+2} (You found it on level 6 of the Dungeon)
  7488 | D:7      | Found a shimmering altar of Xom.
  7779 | D:6      | Bought the brooch of Shielding {Reflect SH+8} for 416 gold pieces
  7847 | D:7      | Reached XP level 9. HP: 57/74 MP: 10/12
  8098 | D:8      | Noticed Pikel
  8246 | D:7      | Killed Pikel
  8423 | D:8      | Found a white marble altar of Elyvilon.
  8583 | D:8      | HP: 1/76 [orc priest/divine providence (12)]
  8595 | D:8      | HP: 3/76 [orc wizard/magic dart (5)]
  8891 | D:8      | Reached skill level 1 in Conjurations
  9582 | D:8      | Reached XP level 10. HP: 79/84 MP: 6/13
  9857 | D:9      | Reached skill level 10 in Fighting
  9937 | D:9      | Found a roughly hewn altar of Beogh.
 10448 | D:9      | Found Danan's Armour Shop.
 10663 | D:6      | Bought the ring "Haituula" {MP+9 Str+4 Int+5} for 596 gold pieces
 10727 | D:10     | Entered Level 10 of the Dungeon
 10889 | D:10     | Found a staircase to the Orcish Mines.
 11574 | D:11     | Found a burning altar of Makhleb.
 11575 | D:11     | Noticed Mulkerokala's ghost (journeyman OpAr)
 11603 | D:10     | Reached skill level 10 in Poison Magic
 11662 | Orc:1    | Entered Level 1 of the Orcish Mines
 11662 | Orc:1    | Found a roughly hewn altar of Beogh.
 11669 | Orc:1    | Noticed an orc knight
 11670 | Orc:1    | Mangled by an ogre

Vault maps used:
D:1:      evilmike_arrival_fibonacci_small
D:3:      minmay_hedge_maze
D:5:      grunt_pakellas_basics, old_standard_altar, first_bread
D:7:      kennysheep_mini_moat
D:8:      lemuel_coloured_pillars_altar, uniq_pikel
D:9:      special_room, serial_shops, shop_fountains
D:10:     orc_0_dummy, grunt_livestock
D:11:     minmay_ornate_pinched, david_lair_generic, basic_altar
Temple:   nicolae_temple_no_exploring_needed
Orc:1:    serial_shops, shop_statue, basic_altar

Skill      XL: |  1  2  3  4  5  6  7  8  9 10 |
---------------+-------------------------------+-----
Fighting       | 1 2 3 4 6 8 9 10 | 10.9
Poison Magic   | 4 5 6 7 9 10 | 10.0
Conjurations   | 2 4 |  4.7
Dodging        | |  1.5
Stealth        | |  1.5
Spellcasting   | |  2.0

Action                   |  1- 3 |  4- 6 |  7- 9 | 10-12 || total
-------------------------+-------+-------+-------+-------++-------
Melee: Unarmed           |    71 |       |       |       ||    71
       Whip              |    27 |       |       |       ||    27
       Short sword       |     6 |   117 |   327 |   303 ||   753
       Hand axe          |       |       |    95 |       ||    95
 Cast: Sting             |    85 |     4 |     1 |     1 ||    91
       Mephitic Cloud    |     6 |     9 |    29 |     9 ||    53
       Olgreb's Toxic Ra |       |     6 |    17 |    16 ||    39
Invok: Potion Petition   |       |       |     1 |       ||     1
       Call Merchant     |       |       |     1 |       ||     1
Evoke: Wand              |       |       |     2 |       ||     2
  Use: Scroll            |     5 |     1 |     8 |     1 ||    15
 Stab: Confused          |     1 |     2 |     8 |     7 ||    18
       Sleeping          |       |     2 |     2 |     3 ||     7
       Distracted        |       |       |       |     1 ||     1
Armor: Robe              |    57 |    27 |    80 |    65 ||   229
Dodge: Dodged            |   147 |    78 |   231 |   156 ||   612
Block: Other             |       |       |    81 |   115 ||   196
       Reflection        |       |       |     1 |       ||     1
